 Dungeon Crawl Stone Soup version 0.31.0-9-g3a7656b989 (webtiles) character file.

Game seed: 12443108542472523064

114 qw the Ducker (level 4, -3/22 HPs)
             Began as a Spriggan Hunter on Feb 2, 2024.
             Slain by an orc
             ... wielding a +0 flail
              (7 damage)
             ... on level 2 of the Dungeon.
             The game lasted 00:00:05 (1773 turns).

qw the Ducker (Spriggan Hunter)                     Turns: 1773, Time: 00:00:05

Health: -3/22      AC:  3    Str:  7    XL:     4   Next: 66%
Magic:  0/5        EV: 20    Int: 10    God:
Gold:   140        SH:  0    Dex: 20    Spells: 3/3 levels left

rFire   . . .        a - +0 shortbow
rCold   . . .        (shield currently unavailable)
rNeg    . . .        c - +0 robe
rPois   .            (helmet restricted)
rElec   .            f - +0 cloak
rCorr   .            (gloves unavailable)
SInv    +            (boots unavailable)
Will    .....        e - amulet of guardian spirit
Stlth   ++           (no ring)
HPRegen 0.23/turn    (no ring)
MPRegen 0.09/turn

%: guardian spirit
@: very quick
A: very small, no large weapons, unfitting armour, see invisible, speed 3
a: no special abilities


You were on level 2 of the Dungeon.
You visited 1 branch of the dungeon, and saw 3 of its levels.

You collected 140 gold pieces.


Innate Abilities, Weirdness & Mutations

You are very small and have problems with some larger weapons.
You are too small for most types of armour.
You have supernaturally acute eyesight. (SInv)
You cover ground extremely quickly. (Speed+++)


   Skills:
 + Level 1.6 Fighting
 - Level 5.0 Ranged Weapons
 - Level 5.1 Dodging
 - Level 1.5 Stealth


You had 3 spell levels left.
You didn't know any spells.
Your spell library was empty.

Inventory:

Hand Weapons
 a - a +0 shortbow (weapon)
Armour
 c - a +0 robe (worn)
 f - a +0 cloak (worn)
Jewellery
 e - an amulet of guardian spirit (around neck)
Wands
 j - a wand of flame (14)
Potions
 b - a potion of heal wounds

Dungeon Overview and Level Annotations

Branches:
Dungeon (3/15)

Altars:

Shops:
D:2 [


Message History

Done exploring.
What level of the Dungeon? (default 2, ? - help)
You see here a +0 leather armour.
There is a stone staircase leading down here.
You climb downwards.
The orc shouts! x3; You hear a shout!
The endoplasm quivers.
Found a scroll of teleportation.
There is a stone staircase leading up here.
There are monsters nearby!
Waypoint 2 assigned to D:3.
1764 ||| STAIRDANCE You climb upwards.
There is a stone staircase leading down here.
You climb downwards.
The endoplasm misses you. The orc completely misses you.
There is a stone staircase leading up here.
1768 ||| STAIRDANCE The orc hits you with a +0 dagger.
The orc misses you. The endoplasm freezes you.
You are frozen.
The orc misses you.
You climb upwards.
There is a stone staircase leading down here.
You shoot an arrow. The arrow hits the orc.
The orc is severely wounded.
The endoplasm freezes you.
You are frozen.
The orc hits you with a +0 flail! The orc barely misses you. x2
You shoot an arrow. The arrow hits the orc.
You kill the orc!
The endoplasm barely misses you. The orc hits you but does no damage.
The orc misses you.
You shoot an arrow. The arrow hits the orc.
The orc is severely wounded.
The endoplasm barely misses you. The orc misses you. The orc barely misses you.
You shoot an arrow.
The arrow hits the orc but does no damage.
The orc is severely wounded.
The endoplasm barely misses you. The orc closely misses you.
The orc hits you with a +0 flail! The endoplasm misses you.
The orc barely misses you. The orc hits you with a +0 flail!
You die...

#.##.# ##...#####.####.. #.##.#
#............##.. #.##.#
#....#####.#.##.. #########.##.#
#.#.######.#.##.. .............#
#..........#.##.. .########.#..#
#....##.......... .#
#.#..####.....#.##.#.#### >#
#####.#..##.J).>.......#.# .#
##.....#..##o@o......#...\#
.###...####..##..............#
...)............#.....#..########
####.<..####.##.......%..........
##.#.# #........###..########
#.#[#######%#######..#
#.#.#.........%.)....#
#.....#####.#######.## ###.###
#.##### #.#######


You could see 2 orcs and an endoplasm.

Vanquished Creatures
  Jessica (D:2)
  A gnoll (D:1)
  3 adders (D:2)
  A ribbon worm (D:2)
  An orc (D:2)
  4 bats
  4 endoplasms
  A giant cockroach (D:2)
  5 goblins
  4 hobgoblins
  4 jackals (D:2)
  2 quokkas (D:1)
  6 ball pythons
  2 frilled lizards
  8 rats
47 creatures vanquished.

Notes
Turn   | Place    | Note
-------+----------+-------------------------------------------
     0 | D:1      | qw the Spriggan Hunter began the quest for the Orb.
     0 | D:1      | Reached XP level 1. HP: 10/10 MP: 2/2
     0 | D:1      | 0 ||| qw: Version: 0.3-a-155-g5e7d8dd
     0 | D:1      | 0 ||| qw: Game counter: 2220
     0 | D:1      | 0 ||| qw: Melee chars always use a shield: true
     0 | D:1      | 0 ||| qw: God list: Okawaru
     0 | D:1      | 0 ||| qw: Allow faded altars: false
     0 | D:1      | 0 ||| qw: Do Orc after clearing Dungeon:15 true
     0 | D:1      | 0 ||| qw: Do second Lair branch before Depths: true
     0 | D:1      | 0 ||| qw: Lair rune preference: random
     0 | D:1      | 0 ||| qw: Goals: Normal
     0 | D:1      | 0 ||| PLANNING D:1-11
    64 | D:1      | Reached skill level 3 in Dodging
   136 | D:1      | Reached XP level 2. HP: 14/14 MP: 3/3
   452 | D:1      | Found a faded altar of an unknown god.
   473 | D:1      | Reached XP level 3. HP: 18/18 MP: 4/4
   851 | D:1      | 851 ||| UPGRADING to +0 cloak.
   856 | D:1      | 856 ||| READING scroll labelled DATESME DERI.
   859 | D:1      | 859 ||| READING scroll labelled JATHITZ KAMMOB.
   860 | D:1      | 860 ||| READING scroll labelled HYAKAJ LEGH.
   893 | D:1      | 893 ||| DROPPING scroll of butterflies.
  1208 | D:2      | Noticed Jessica
  1211 | D:2      | Killed Jessica
  1212 | D:2      | Reached XP level 4. HP: 22/22 MP: 5/5
  1227 | D:2      | Found Irusuhof's Antique Armour Shoppe.
  1702 | D:2      | 1702 ||| UPGRADING to amulet of guardian spirit.
  1707 | D:2      | 1707 ||| READING 2 scrolls labelled ONAXIKH MYEMM.
  1707 | D:2      | 1707 ||| IDENTIFYING sapphire potion
  1708 | D:2      | 1708 ||| READING scroll of identify.
  1708 | D:2      | 1708 ||| IDENTIFYING scroll labelled WIRPHO KA OSE
  1709 | D:2      | 1709 ||| READING scroll labelled DAHOLE FYISYLYORR.
  1710 | D:2      | 1710 ||| READING scroll labelled KOUMEW DOONN.
  1711 | D:2      | 1711 ||| DROPPING scroll of fog.
  1764 | D:3      | 1764 ||| STAIRDANCE
  1768 | D:3      | 1768 ||| STAIRDANCE
  1773 | D:2      | HP: 4/22 [orc/+0 flail (7)]
  1773 | D:2      | Slain by an orc

Levels and vault maps discovered:
D:1:      amcnicky_arrival_abandoned_market, layout_basic,
          basic_ecumenical_altar, st_stairs_5
D:2:      layout_loops_ring, serial_shops, shop, grunt_ministairs_10,
          uniq_jessica
D:3:      layout_loops_ring, serial_shops, shop, serial_bayou_lake_a

Skill      XL: |  1  2  3  4 |
---------------+-------------+-----
Dodging        | 3 4 5 |  5.1
Ranged Weapons | 5 |  5.0
Fighting       | |  1.6
Stealth        | |  1.5

Action                     |  1- 3 |  4- 6 || total
---------------------------+-------+-------++-------
   Fire: Shortbow          |    70 |    45 ||   115
    Use: Scroll            |     3 |     4 ||     7
 Armour: Robe              |     5 |    10 ||    15
  Dodge: Dodged            |    30 |    32 ||    62

Table legend:
 A = Non-vault XP
 B = Vault XP
 C = Vault XP percentage of total XP
 D = Non-vault monster count
 E = Vault monster count
 F = Vault count percentage of total count
                 A         B        C        D         E       F
            +---------+---------+-------+---------+---------+-------
      Total |     108 |      55 |  33.7 |      42 |       5 |  10.6
            +---------+---------+-------+---------+---------+-------
        D:1 |      50 |       3 |   5.7 |      22 |       2 |   8.3
        D:2 |      58 |      52 |  47.3 |      20 |       3 |  13.0
            +---------+---------+-------+---------+---------+-------
